 Dungeon Crawl Stone Soup version 0.31-a0-234-gad7ace16ef (webtiles) character file.

Game seed: 15084570094072958081

210 qw the Shooter (level 5, -4/32 HPs)
             Began as a Gargoyle Hexslinger on July 9, 2023.
             Slain by an orc
             ... wielding a +0 hand axe
              (5 damage)
             ... on level 3 of the Dungeon.
             The game lasted 00:01:00 (2337 turns).

qw the Shooter (Gargoyle Hexslinger)                Turns: 2337, Time: 00:01:01

Health: -4/32      AC: 10    Str: 11    XL:     5   Next: 87%
Magic:  6/6        EV: 10    Int: 14    God:
Gold:   110        SH:  0    Dex: 14    Spells: 5/6 levels left

rFire   . . .        Y - +1 sling
rCold   . . .        (no shield)
rNeg    + . .        g - +1 ring mail {rF+}
rPois   inf          (no helmet)
rElec   +            (no cloak)
rCorr   .            (no gloves)
SInv    .            (no boots)
Will    .....        (no amulet) Stlth
                     (no ring)
HPRegen 0.25/turn    (no ring)
MPRegen 0.10/turn

%: no passive effects
@: confused
A: sickness immunity, AC +4, negative energy resistance 1, electricity
resistance, torment resistance 1, petrification resistance, heat vulnerability 1
a: no special abilities


You were on level 3 of the Dungeon.
You visited 1 branch of the dungeon, and saw 3 of its levels.

You collected 110 gold pieces.


Innate Abilities, Weirdness & Mutations

You are immune to sickness and miasma.
Your stone body is resilient. (AC +4)
You are immune to poison.
You resist negative energy. (rN+)
You are resistant to electric shocks. (rElec)
You are resistant to unholy torment.
You are immune to petrification.
You are vulnerable to heat. (rF-)


   Skills:
 - Level 3.0 Fighting
 + Level 5.1 Ranged Weapons
 - Level 1.0 Armour
 - Level 1.5 Dodging
 - Level 1.0 Spellcasting
 - Level 2.6 Hexes


You had 5 spell levels left.
You knew the following spells:

 Your Spells              Type           Power      Damage    Failure   Level
a - Slow                  Hex            32%        N/A       21%         1

Your spell library contained the following spells:

 Spells                   Type           Power      Damage    Failure   Level
 Inner Flame              Hex/Fire       4%         N/A       71%         3
 Portal Projectile        Hex/Tloc       8%         N/A       71%         3
 Cause Fear               Hex            4%         N/A       90%         4

Inventory:

Hand Weapons
 Y - a +1 sling (weapon)
Armour
 g - a +1 ring mail of fire resistance (worn)
Scrolls
 a - a scroll of teleportation {unknown}
 d - 2 scrolls of identify
Potions
 b - a potion of mutation
 e - a potion of lignification {unknown}
 f - a potion of curing {unknown}
 i - a potion of heal wounds {unknown}

Dungeon Overview and Level Annotations

Branches:
Dungeon (3/15)

Altars:

Shops:
D:1 *


Message History

The orc hits you but does no damage.
You shoot a sling bullet. The sling bullet hits the orc wizard.
The orc wizard is moderately wounded.
The orc wizard barely misses you. The orc barely misses you.
A rat comes into view.
You shoot a sling bullet. The sling bullet hits the orc wizard.
The orc wizard is severely wounded.
The orc wizard barely misses you. The orc closely misses you.
The orc wizard casts a spell at you. The magic dart hits you.
You shoot a sling bullet.
The sling bullet barely misses the orc wizard.
The orc hits you but does no damage.
The orc wizard hits you but does no damage.
The orc barely misses you.
You shoot a sling bullet. The sling bullet hits the orc wizard.
The orc wizard is almost dead.
The orc wizard gestures at you while chanting.
You are confused.
The orc hits you with a +0 hand axe.
The orc wizard hits you but does no damage.
The orc closely misses you.
The orc wizard gestures wildly while chanting.
The orc wizard flickers and vanishes!
Deactivating autopickup; reactivate with Ctrl-A.
The orc barely misses you. Something hits you but does no damage.
The orc hits you with a +0 hand axe. Something hits you but does no damage.
The orc closely misses you.
You hear some strange, mumbled words.
You are more confused.
The orc completely misses you.
You hear some strange, mumbled words.
You are more confused.
The orc closely misses you. Something hits you. The orc barely misses you.
You hear some strange, mumbled words.
You are more confused.
The orc hits you but does no damage. Something hits you.
The orc hits you with a +0 hand axe.
You die...

............#
~~~
###########.#
#####..~~~
#.###o.....~~~
#.).).####..o~
#.##### .
#....# #..#.###
#>..#ro.####.##
#.#####@{......
... #.....#####
.### #.##..# .
... #..# ....
.#. #..# #....
# #. #..# #....
# #..# #....
.####.###..#
#####...#
#.......)..#
...#.#.#


You could see an orc and a rat.

Vanquished Creatures
  A water moccasin skeleton (D:3)
  An orc priest (D:3)
  A hound skeleton (D:3)
  A howler monkey zombie (D:3)
  2 adders (D:3)
  An adder zombie (D:3)
  An adder skeleton (D:3)
  3 dart slugs (D:1)
  5 orcs (D:3)
  5 ball pythons
  11 endoplasms
  4 giant cockroaches
  6 hobgoblins
  A jackal (D:1)
  3 quokkas (D:1)
  A ball python zombie (D:3)
  5 bats
  3 frilled lizards
  6 goblins
  A jackal skeleton (D:3)
  5 kobolds
  4 rats
71 creatures vanquished.

Notes
Turn   | Place    | Note
-------+----------+-------------------------------------------
     0 | D:1      | qw the Gargoyle Hexslinger began the quest for the Orb.
     0 | D:1      | Reached XP level 1. HP: 12/12 MP: 2/2
     0 | D:1      | 0 ||| qw: Version: 0.3-a-51-g015441d
     0 | D:1      | 0 ||| qw: Game counter: 4342
     0 | D:1      | 0 ||| qw: Melee chars always use a shield: true
     0 | D:1      | 0 ||| qw: God list: Okawaru
     0 | D:1      | 0 ||| qw: Allow faded altars: false
     0 | D:1      | 0 ||| qw: Do Orc after clearing Dungeon:15 true
     0 | D:1      | 0 ||| qw: Do second Lair branch before Depths: true
     0 | D:1      | 0 ||| qw: Lair rune preference: random
     0 | D:1      | 0 ||| qw: Goals: Normal
     0 | D:1      | 0 ||| PLANNING D:1-11
    44 | D:1      | 44 ||| READING scroll labelled VULOXZ RO RIMP.
    45 | D:1      | 45 ||| DROPPING scroll of poison.
   102 | D:1      | Reached XP level 2. HP: 16/16 MP: 3/3
   193 | D:1      | Found Deopsumu's General Store.
   200 | D:1      | 200 ||| SHOPLISTING +0 ring mail (40 gold, have 16).
   200 | D:1      | 200 ||| SHOPLISTING +3 leather armour of the Seventy-Seven
                  | Wars {MP+9} (429 gold, have 16).
   305 | D:1      | Reached skill level 3 in Ranged Weapons
   496 | D:1      | Found a faded altar of an unknown god.
   552 | D:1      | Reached XP level 3. HP: 21/21 MP: 4/4
   979 | D:1      | 979 ||| UPGRADING to +1 ring mail of fire resistance.
   989 | D:1      | 989 ||| DROPPING +0 robe.
   990 | D:1      | 990 ||| READING scroll labelled OTOUS ITET.
   991 | D:1      | 991 ||| READING scroll labelled WYCWAICIFA.
  1486 | D:2      | Reached XP level 4. HP: 26/26 MP: 5/5
  1737 | D:2      | 1737 ||| READING scroll labelled ASKUSO KERAUMO.
  1758 | D:2      | 1758 ||| DRINKING 2 purple potions.
  1767 | D:2      | 1767 ||| DRINKING 2 metallic dark potions.
  1767 | D:2      | Gained mutation: You are vulnerable to heat. (rF-) [potion
                  | of mutation]
  1768 | D:2      | 1768 ||| DROPPING potion of ambrosia.
  1835 | D:3      | Reached skill level 4 in Ranged Weapons
  1898 | D:3      | Reached skill level 1 in Armour
  1930 | D:3      | Reached XP level 5. HP: 12/30 MP: 6/6
  2266 | D:3      | Reached skill level 5 in Ranged Weapons
  2277 | D:3      | 2277 ||| Stepping ~*~*~tactically~*~*~ (outnumbered).
  2298 | D:3      | 2298 ||| FLEEEEING.
  2301 | D:3      | Reached skill level 3 in Fighting
  2301 | D:3      | 2301 ||| FLEEEEING.
  2302 | D:3      | 2302 ||| FLEEEEING.
  2303 | D:3      | 2303 ||| FLEEEEING.
  2304 | D:3      | 2304 ||| FLEEEEING.
  2305 | D:3      | 2305 ||| FLEEEEING.
  2309 | D:3      | 2309 ||| FLEEEEING.
  2320 | D:3      | HP: 8/32 [orc wizard/+0 club (1)]
  2326 | D:3      | HP: 5/32 [orc wizard/magic dart (1)]
  2331 | D:3      | HP: 4/32 [orc/+0 hand axe (2)]
  2337 | D:3      | HP: 1/32 [something (2)]
  2337 | D:3      | Slain by an orc

Levels and vault maps discovered:
D:1:      minmay_arrival_statue_studded, layout_loops_corners, serial_shops,
          nicolae_shop_just_a_little_nook,
          shapermc_ecumenical_altar_mp_urbaneastern, minmay_strange_pillars,
          minmay_indecisive_spiral
D:2:      layout_basic
D:3:      layout_loops_ring, serial_undead, serial_undead_e, serial_undead_f,
          serial_undead_b, serial_undead_b, minivault_27, st_stairs_4

Skill      XL: |  1  2  3  4  5 |
---------------+----------------+-----
Ranged Weapons | 3 4 5 |  5.1
Fighting       | 2 3 |  3.0
Armour         | 1 |  1.0
Dodging        | |  1.5
Spellcasting   | |  1.0
Hexes          | |  2.6

Action                     |  1- 3 |  4- 6 || total
---------------------------+-------+-------++-------
   Fire: Sling             |   118 |   120 ||   238
    Use: Scroll            |     3 |     1 ||     4
         Potion            |       |     2 ||     2
 Armour: Robe              |     5 |       ||     5
         Ring mail         |    13 |    59 ||    72
  Dodge: Dodged            |    22 |    62 ||    84

Table legend:
 A = Non-vault XP
 B = Vault XP
 C = Vault XP percentage of total XP
 D = Non-vault monster count
 E = Vault monster count
 F = Vault count percentage of total count
                 A         B        C        D         E       F
            +---------+---------+-------+---------+---------+-------
      Total |     175 |     125 |  41.7 |      57 |      14 |  19.7
            +---------+---------+-------+---------+---------+-------
        D:1 |      48 |       6 |  11.1 |      25 |       4 |  13.8
        D:2 |      33 |       0 |   0.0 |      19 |       0 |   0.0
        D:3 |      94 |     119 |  55.9 |      13 |      10 |  43.5
            +---------+---------+-------+---------+---------+-------
